 Dungeon Crawl Stone Soup version 0.17-a0-2215-g49c1de0 (webtiles) character file.

74 radek the Conjurer (level 4, 0/24 HPs)
             Began as a Deep Elf Conjurer on Oct 27, 2015.
             Slain by Ijyb
             ... wielding a +0 club
              (2 damage)
             ... on level 2 of the Dungeon.
             The game lasted 00:06:42 (1481 turns).

radek the Conjurer (Deep Elf Conjurer)              Turns: 1481, Time: 00:06:42

Health: 0/24       AC:  2    Str:  6    XL:     4   Next: 10%
Magic:  0/10       EV: 13    Int: 20    God:
Gold:   25         SH:  0    Dex: 15    Spells: 1 memorised, 8 levels left

rFire  . . .     SeeInvis .     e - +2 rapier (flame)
rCold  . . .     Clarity  .     p - +0 robe
rNeg   . . .     SustAt   .     (no shield)
rPois  .         Gourm    .     (no helmet)
rElec  .         Spirit   .     (no cloak)
rCorr  .         Warding  .     (no gloves)
rMut   .         Stasis   .     (no boots)
MR     .....                    (no amulet)
Stlth  ++........               (no ring)
                                (no ring)

@: not resistant to hostile enchantments, unstealthy
A: no striking features
a: no special abilities


You were on level 2 of the Dungeon.
You were hungry.

You visited 1 branch of the dungeon, and saw 2 of its levels.

You collected 25 gold pieces.

Inventory:

Hand Weapons
 e - a +2 rapier of flaming (weapon)
 g - a +0 dagger
 h - a +0 dagger
 i - a +0 dagger
 r - a +0 short sword
Armour
 a - a +0 robe
 p - a +0 robe (worn)
Jewellery
 f - an uncursed ring of loudness
Scrolls
 n - a scroll of remove curse
Potions
 j - a potion of lignification {unknown}
 l - a potion of agility {unknown}
 q - a potion of might {unknown}
Books
 b - a book of Conjurations

   Spells                             Type                      Level
   a - Magic Dart                     Conjuration                  1
   b - Searing Ray                    Conjuration                  2
   c - Dazzling Spray                 Conjuration/Hexes            3
   d - Fulminant Prism                Conjuration/Hexes            4
   e - Iskenderun's Mystic Blast      Conjuration                  4
   f - Iskenderun's Battlesphere      Conjuration/Charms           5
Comestibles
 c - 2 bread rations
 d - 12 chunks of flesh
 k - 2 meat rations


   Skills:
 - Level 2.4 Dodging
 - Level 2.4 Stealth
 - Level 3.0 Spellcasting
 * Level 6.2 Conjurations


You had 8 spell levels left.
You knew the following spells:

 Your Spells              Type           Power        Failure   Level  Hunger
a - Magic Dart            Conj           ####         1%          1    None


Dungeon Overview and Level Annotations

Branches:
Dungeon (2/15)

Altars:
Makhleb

Annotations:
D:2 Ijyb


Message History

Confirm with . or Enter, or press ? or * to list all spells.
Aiming: Magic Dart
Press: ? - help, Shift-Dir - straight line, f/p - Ijyb
Aim: Ijyb, wielding a club and wearing a chain mail (almost dead)
The magic dart hits Ijyb.
Ijyb is almost dead.
You hit Ijyb but do no damage.
Ijyb is almost dead.
Ijyb barely misses you.
Casting: Magic Dart
Confirm with . or Enter, or press ? or * to list all spells.
You don't have enough magic to cast that spell.
You hit Ijyb but do no damage.
Ijyb is almost dead.
Ijyb hits you with a club.
* * * LOW HITPOINT WARNING * * *
You hit Ijyb. You burn Ijyb.
Ijyb is almost dead.
Ijyb hits you with a club.
You die...

#.##.#.#####.............#
#.##.#.# #.............#
#.##...# #.............#
##'###### #.............#
......# #......<...(..#
......# #[............#
<.....# #.............#
......#
####..............#
......#
......g@..........#
......#
..........#######..#
......# .........># #.#
...#### ..........# .#
...# .......)..# ...#
.........(# ...#
..!.......# ...#
..%.......# ...#


You could see Ijyb.

Vanquished Creatures
  A hound (D:2)
  An adder (D:2)
  4 bats
  4 giant cockroaches
  3 hobgoblins
  4 jackals (D:1)
  A ball python (D:1)
  3 giant geckos (D:1)
  2 giant newts (D:1)
  3 goblins (D:1)
  5 kobolds
  3 rats (D:1)
34 creatures vanquished.

Notes
Turn   | Place    | Note
--------------------------------------------------------------
     0 | D:1      | radek the Deep Elf Conjurer began the quest for the Orb.
     0 | D:1      | Reached XP level 1. HP: 10/10 MP: 6/6
   337 | D:1      | Reached XP level 2. HP: 15/15 MP: 5/8
   482 | D:1      | Reached skill level 5 in Conjurations
  1244 | D:2      | Reached XP level 3. HP: 19/19 MP: 7/9
  1252 | D:2      | Reached skill level 6 in Conjurations
  1257 | D:2      | Reached XP level 4. HP: 8/24 MP: 1/10
  1332 | D:2      | Found a burning altar of Makhleb.
  1452 | D:2      | Noticed Ijyb
  1481 | D:2      | Slain by Ijyb

Vault maps used:
D:1:      eino_arrival_cavern_d
D:2:      makhleb_heckhound_becter, uniq_iyjb

Action                   |  1- 3 |  4- 6 || total
-------------------------+-------+-------++-------
Melee: Short sword       |     6 |       ||     6
       Rapier            |       |    16 ||    16
 Cast: Magic Dart        |    53 |    22 ||    75
  Use: Scroll            |     4 |       ||     4
       Potion            |       |     1 ||     1
  Eat: Chunk             |     1 |       ||     1
